 Dungeon Crawl Stone Soup version 0.25-b1-23-ge2ad7d536c (webtiles) character file.

Game seed: 3786747560983951100, levelgen mode: deterministic

301 grindst0ne the Covert (level 6, -4/48 HPs)
             Began as a Vampire Assassin on June 3, 2020.
             Slain by an iguana (9 damage)
             ... on level 4 of the Dungeon.
             The game lasted 00:04:51 (3099 turns).

grindst0ne the Covert (Vampire Assassin)            Turns: 3099, Time: 00:04:51

Health: -4/48      AC:  4    Str: 11 (12) XL:     6   Next: 14%
Magic:  6/6        EV: 13    Int: 10 (13) God:
Gold:   156        SH:  0    Dex: 15 (16) Spells: 5/5 levels left

rFire    . . .     SeeInvis +   a - +2 dagger
rCold    . . .     Gourm    .   (no shield)
rNeg     . . .     Faith    .   o - +0 leather armour
rPois    .         Spirit   .   (no helmet)
rElec    .         Reflect  .   c - +0 cloak
rCorr    .         Harm     .   (no gloves)
MR       .....                  (no boots)
Stlth    +++.......             (no amulet)
HPRegen  0.36/turn              p - ring of stealth
MPRegen  0.10/turn              (no ring)

@: stab, regenerating quickly, very slow
A: no food, fangs 3, see invisible, unbreathing
a: Exsanguinate


You were on level 4 of the Dungeon.
You were alive.

You visited 1 branch of the dungeon, and saw 4 of its levels.

You collected 156 gold pieces.

Inventory:

Hand Weapons
 a - a +2 dagger (weapon)
Missiles
 d - 13 poisoned darts (quivered)
 f - 4 boomerangs
 j - a throwing net
Armour
 b - a +0 robe
 c - a +0 cloak (worn)
 o - a +0 leather armour (worn)
 s - a +0 scale mail
Jewellery
 p - a ring of stealth (left hand)
Scrolls
 g - 5 scrolls of identify {unknown}
 k - 2 scrolls of teleportation {unknown}
 m - 4 scrolls of enchant weapon {unknown}
 r - a scroll of noise {unknown}
Potions
 h - 2 potions of degeneration


   Skills:
 + Level 3.6 Fighting
 - Level 2.1 Short Blades
 - Level 1.5 Throwing
 + Level 3.9 Dodging
 + Level 8.1 Stealth


You had 5 spell levels left.
You didn't know any spells.
Your spell library was empty.

Dungeon Overview and Level Annotations

Branches:
Dungeon (4/15)
 Temple: D:4-7

Altars:
Kikubaaqudgha
Sif Muna
Trog

Portals:
Sewer: D:4

Annotations:
D:3 2 transporters, smbutler8's ghost, amateur TrFi


Innate Abilities, Weirdness & Mutations

You do not eat.
Your natural rate of healing is unusually fast.
You have razor-sharp teeth.
You have supernaturally acute eyesight. (SInv)
You can survive without breathing.


Message History

You barely miss the worm.
The worm is almost dead.
The rat splashes around in the water.
The rat bites you.
* * * LOW HITPOINT WARNING * * *
The worm bites you.
* * * LOW HITPOINT WARNING * * *
The iguana bites you but does no damage.
The dart slug splashes around in the water.
You hit the worm.
The worm is almost dead.
The rat bites you but does no damage. x2
The iguana bites you but does no damage.
The worm bites you.
* * * LOW HITPOINT WARNING * * *
You feel more ready to backstab.
You feel less wooden.
Your +0 cloak unmelds from your body.
Your +0 leather armour unmelds from your body.
The dart slug bites you but does no damage.
The rat misses you. x2; The iguana bites you!
You die...

..........$.$.......#
#.#
....................#
#.#
....................#
#.#
....................#
#)#
....................#
#.#
...................#
##'####
..................#
#.)....
.........wl......#
#......
.......(@r......#
#......
.....≈rw≈≈.....#
#......
.....≈≈∩≈≈.....#
#...###
.....≈≈≈≈≈.....
#...###
......≈≈≈[.....
#......
...............
##....(
...............
#..(..
...............
#.#### #.# #.


You could see a worm, an iguana, a dart slug and 2 rats.

Vanquished Creatures
  A howler monkey (D:4)
  A hound (D:3)
  An orc priest (D:4)
  An iguana (D:4)
  2 worker ants (D:4)
  3 adders
  An ooze (D:1)
  2 worms
  A dart slug (D:3)
  3 leopard geckos
  8 orcs
  A bat zombie (D:3)
  7 giant cockroaches
  5 goblins
  9 hobgoblins
  2 jackals (D:3)
  3 quokkas
  A ball python (D:2)
  7 bats
  11 frilled lizards
  8 kobolds
  8 rats
  A rat zombie (D:3)
87 creatures vanquished.

Notes
Turn   | Place    | Note
-------+----------+-------------------------------------------
     0 | D:1      | grindst0ne the Vampire Assassin began the quest for the
                  | Orb.
     0 | D:1      | Reached XP level 1. HP: 16/16 MP: 1/1
    64 | D:1      | Reached skill level 6 in Stealth
    78 | D:1      | Reached XP level 2. HP: 9/22 MP: 2/2
   477 | D:1      | Reached XP level 3. HP: 26/27 MP: 3/3
  1624 | D:2      | Found a bloodstained altar of Trog.
  1897 | D:3      | Found an ancient bone altar of Kikubaaqudgha.
  2010 | D:3      | Found a transporter.
  2017 | D:3      | Found a transporter.
  2022 | D:3      | Noticed smbutler8's ghost (amateur TrFi)
  2026 | D:3      | Reached XP level 4. HP: 34/34 MP: 4/4
  2184 | D:3      | Reached skill level 7 in Stealth
  2829 | D:4      | Reached XP level 5. HP: 41/41 MP: 5/5
  2926 | D:4      | Found a shimmering blue altar of Sif Muna.
  3002 | D:4      | Reached skill level 8 in Stealth
  3048 | D:4      | Reached XP level 6. HP: 34/47 MP: 6/6
  3066 | D:4      | Found a glowing drain.
  3073 | D:4      | HP: 1/47 [adder (2)]
  3099 | D:4      | Slain by an iguana

Illustrated notes

Levels and vault maps discovered:
D:1:      lightli_arrival_maybe_door_vault, layout_basic
D:2:      layout_basic, lightli_temple_of_fire, corexii_corridor_pit
D:3:      layout_basic, nicolae_overflow_hidden_temple,
          lemuel_zombie_altar_kikubaaqudgha, gammafunk_ghost_stat_death
D:4:      layout_basic, lemuel_doored_altar, portal_sewer_entry_a

Skill      XL: |  1  2  3  4  5 |
---------------+----------------+-----
Fighting       | 2 3 |  3.6
Stealth        | 6 7 8 |  8.1
Dodging        | 2 3 |  3.9
Short Blades   | |  2.1
Throwing       | |  1.5

Action                   |  1- 3 |  4- 6 || total
-------------------------+-------+-------++-------
Melee: Dagger            |   136 |   151 ||   287
       Bite              |    11 |    14 ||    25
Throw: Dart              |       |     3 ||     3
  Use: Potion            |       |     6 ||     6
 Stab: Sleeping          |    14 |     7 ||    21
       Distracted        |     2 |       ||     2
Armor: Robe              |    12 |     5 ||    17
       Leather armour    |       |    30 ||    30
       Skin              |       |    74 ||    74
Dodge: Dodged            |    59 |    83 ||   142
